 Dungeon Crawl Stone Soup version 0.28.0-53-g5a82cb258f (webtiles) character file.

Game seed: 11455349042534746763

9009 Peloso the Carver (level 11, -1/99 HPs)
             Began as a Minotaur Fighter on June 10, 2022.
             Slain by a dire elephant simulacrum (13 damage)
             ... in an ice cave.
             The game lasted 00:23:51 (13598 turns).

Peloso the Carver (Minotaur Fighter)               Turns: 13598, Time: 00:23:52

Health: -1/99      AC: 18    Str: 23    XL:     11   Next: 17%
Magic:  10/10      EV:  8    Int:  5    God:
Gold:   352        SH:  6    Dex: 12    Spells: 10/10 levels left

rFire   x . .      SeeInvis .   a - +2 falchion (elec)
rCold   + + .      Faith    .   c - +0 buckler
rNeg    . . .      Spirit   .   r - +1 plate armour
rPois   .          Reflect  .   (helmet restricted)
rElec   .          Harm     .   q - +1 cloak
rCorr   .          Rampage  .   (no gloves)
Will    .....                   (no boots)
Stlth   ..........              (no amulet)
HPRegen 0.26/turn               j - ring of protection from cold
MPRegen 0.12/turn               f - ring of ice

@: slowed, very slow
A: horns 2, retaliatory headbutt
a: no special abilities


You were in an ice cave.
You visited 1 branch of the dungeon, and saw 12 of its levels.
You also visited: Sewer and Ice Cave.

You collected 485 gold pieces.
You spent 133 gold pieces at shops.

Inventory:

Hand Weapons
 a - a +2 falchion of electrocution (weapon)
 b - a +0 long sword of freezing
 p - a +0 hand crossbow
Missiles
 v - 39 bolts
Armour
 c - a +0 buckler (worn)
 q - a +1 cloak (worn)
 r - a +1 plate armour (worn)
 A - a +2 cloak
Jewellery
 f - a ring of ice (right hand)
 j - a ring of protection from cold (left hand)
 l - a ring of ice
 m - a ring of see invisible
 z - a ring of wizardry
Wands
 g - a wand of charming (12)
 s - a wand of flame (18)
Scrolls
 e - 2 scrolls of noise
 h - 3 scrolls of magic mapping
 k - 2 scrolls of immolation
 u - 2 scrolls of acquirement {unknown}
 w - a scroll of fear
 x - a scroll of teleportation
 y - a scroll of amnesia {unknown}
Potions
 i - 4 potions of flight
 n - 4 potions of mutation
 o - a potion of curing
 t - a potion of attraction {unknown}


   Skills:
 + Level 9.6 Fighting
 + Level 12.2 Long Blades
 + Level 3.5 Crossbows
 + Level 11.9 Armour
 + Level 2.5 Dodging
 + Level 0.3 Stealth
 + Level 8.4 Shields


You had 10 spell levels left.
You didn't know any spells.
Your spell library contained the following spells:

 Spells                   Type           Power      Damage    Failure   Level
 Sting                    Tmut/Pois      0%         1d3       100%        1
 Poisonous Vapours        Pois/Air       0%         N/A       100%        2
 Frozen Ramparts          Ice            0%         1d2       100%        3
 Ice Form                 Ice/Tmut       0%         N/A       100%        4
 Olgreb's Toxic Radiance  Pois           0%         N/A       100%        4
 Summon Ice Beast         Ice/Summ       0%         N/A       100%        4


Dungeon Overview and Level Annotations

Branches:
Dungeon (13/15)            Temple (0/1) D:7            Lair (0/6) D:8
    Orc (0/2) D:12          Sewer (visited)           IceCv (1/1)
 Vaults: D:13-14

Altars:
Ru

Shops:
D:5 ?   D:8 [

Annotations:
D:4 2 transporters, Peloso's ghost, amateur MiFi
D:10 1 runed translucent door, Erymatos's ghost, journeyman MiBe


Innate Abilities, Weirdness & Mutations

You have a pair of horns on your head.
You reflexively headbutt those who attack you in melee.


Message History

You barely miss the freezing wraith.
The freezing wraith is moderately damaged.
The freezing wraith hits you. The freezing wraith freezes you! You resist.
The freezing wraith hits you!
You closely miss the freezing wraith.
You headbutt the freezing wraith, but do no damage.
The freezing wraith is moderately damaged.
The freezing wraith hits you. The freezing wraith freezes you. You resist.
You block the freezing wraith's attack.
The freezing wraith hits you but does no damage.
The freezing wraith hits you.
You slash the freezing wraith!
Lightning courses through the freezing wraith!
The freezing wraith is severely damaged.
The freezing wraith hits you but does no damage. x2
You slash the freezing wraith!
Lightning courses through the freezing wraith!!
You destroy the freezing wraith!
The dire elephant simulacrum tramples you!!
* * * LOW HITPOINT WARNING * * *
You stumble backwards!
The dire elephant simulacrum barely misses you.
You block the dire elephant simulacrum's attack.
Unknown command.
You hit the dire elephant simulacrum.
Lightning courses through the dire elephant simulacrum!
You headbutt the dire elephant simulacrum, but do no damage.
The dire elephant simulacrum is moderately damaged.
Unknown command.
You slash the dire elephant simulacrum!
The dire elephant simulacrum is heavily damaged.
You block the dire elephant simulacrum's attack.
The dire elephant simulacrum trunk-slaps you.
* * * LOW HITPOINT WARNING * * *
The dire elephant simulacrum freezes you!
You resist.
* * * LOW HITPOINT WARNING * * *
You feel better.
The dire elephant simulacrum tramples you!
You die...

##≈ #≈≈
#≈≈######
#≈≈.#@..##
#...Z..#
##..#..#
##...##..#
##...##
#.#
##...##
..# #...##
..# ##..##
.#
#..######
..


You could see a dire elephant simulacrum.

Vanquished Creatures
  An ugly thing (D:13)
  2 freezing wraiths (IceCv)
  An unseen horror (D:12)
  A troll (D:9)
  Grinder (D:4)
  A hornet (D:8)
  A vampire (D:9)
  10 yaks
  A wyvern (D:10)
  A death yak simulacrum (IceCv)
  A harpy simulacrum (IceCv)
  A water moccasin (D:8)
  A sky beast (D:5)
  An orc warrior (D:8)
  2 ice beasts
  A necrophage (D:8)
  A black bear (D:8)
  3 ogres
  9 centaurs
  2 phantoms
  5 kobold brigands
  5 bullfrogs
  6 scorpions
  A cane toad simulacrum (IceCv)
  A two-headed ogre simulacrum (IceCv)
  2 water moccasin zombies
  9 killer bees
  2 elephant simulacra (IceCv)
  3 howler monkeys (D:10)
  3 centaur zombies
  2 jellies
  Crazy Yiuf (D:7)
  3 orc priests
  A centaur skeleton (D:6)
  A gnoll shaman (D:7)
  3 hounds
  2 bullfrog skeletons (D:6)
  Jessica (D:3)
  2 iguanas
  Terence (D:3)
  Natasha (thrice) (D:2)
  10 orc wizards
  2 polar bear simulacra (IceCv)
  A spriggan simulacrum (IceCv)
  2 troll simulacra (IceCv)
  3 wolf simulacra (IceCv)
  A hound skeleton (D:5)
  Robin (D:3)
  8 gnolls
  A naga simulacrum (IceCv)
  3 adders
  A shadow imp (D:7)
  14 white imps
  An ufetubus (D:7)
  4 dart slugs (D:1)
  25 orcs
  5 endoplasms
  7 giant cockroaches
  16 goblins
  13 hobgoblins
  A jackal (Sewer)
  4 quokkas
  5 ball pythons
  4 bats
  5 frilled lizards
  23 kobolds
  9 rats
268 creatures vanquished.

Vanquished Creatures (others)
  3 fungi (D:8)
  26 plants
29 creatures vanquished.

Grand Total: 297 creatures vanquished

Notes
Turn   | Place    | Note
-------+----------+-------------------------------------------
     0 | D:1      | Peloso the Minotaur Fighter began the quest for the Orb.
     0 | D:1      | Reached XP level 1. HP: 19/19 MP: 0/0
    37 | D:1      | Reached XP level 2. HP: 9/27 MP: 1/1
   755 | D:2      | Reached XP level 3. HP: 33/33 MP: 2/2
   831 | D:2      | Found a sacrificial altar of Ru.
  1044 | D:2      | Noticed Natasha
  1055 | D:2      | Killed Natasha
  1056 | D:2      | Reached skill level 3 in Long Blades
  1338 | D:2      | Noticed Natasha
  1344 | D:2      | Killed Natasha
  1345 | D:2      | Reached XP level 4. HP: 16/40 MP: 3/3
  1371 | D:2      | Noticed Natasha
  1532 | D:2      | Killed Natasha
  1533 | D:2      | Reached skill level 5 in Armour
  1728 | D:2      | Found a faded altar of an unknown god.
  2032 | D:3      | Identified the +2 ring mail "Xarumof" {rN+ Will- Str+2}
  2142 | D:3      | Noticed Terence
  2156 | D:3      | Killed Terence
  2157 | D:3      | Reached XP level 5. HP: 45/46 MP: 4/4
  2313 | D:3      | Noticed Jessica
  2315 | D:3      | Killed Jessica
  2316 | D:3      | Reached skill level 4 in Long Blades
  2381 | D:3      | Noticed Robin
  2411 | D:3      | Reached skill level 1 in Dodging
  2411 | D:3      | Reached XP level 6. HP: 38/53 MP: 5/5
  2420 | D:3      | Killed Robin
  2519 | D:3      | Reached skill level 5 in Long Blades
  2858 | D:4      | Noticed Grinder
  2865 | D:4      | Paralysed by Grinder for 6 turns
  2872 | D:4      | Killed Grinder
  2873 | D:4      | Reached skill level 5 in Fighting
  2987 | D:4      | Reached XP level 7. HP: 61/61 MP: 6/6
  3058 | D:4      | Reached skill level 6 in Long Blades
  3095 | D:4      | Found a glowing drain.
  3118 | Sewer    | Entered a sewer
  3292 | Sewer    | Found a white marble altar of Elyvilon.
  3481 | D:4      | Reached skill level 5 in Shields
  3588 | D:4      | Found a transporter.
  3588 | D:4      | Noticed Peloso's ghost (amateur MiFi)
  3595 | D:4      | Found a transporter.
  3832 | D:5      | Entered Level 5 of the Dungeon
  3908 | D:5      | Reached skill level 7 in Long Blades
  4020 | D:5      | HP: 3/61 [orc priest/nerve-wracking pain (8)]
  4023 | D:5      | Reached XP level 8. HP: 12/69 MP: 7/7
  4025 | D:5      | HP: 3/69 [orc wizard/+0 dagger (2)]
  4710 | D:5      | Found Qaerhain's Magic Scroll Emporium.
  4718 | D:5      | Bought a scroll of magic mapping for 49 gold pieces
  4718 | D:5      | Bought a scroll of noise for 14 gold pieces
  4718 | D:5      | Bought a scroll of teleportation for 42 gold pieces
  4718 | D:5      | Bought a scroll of identify for 28 gold pieces
  5063 | D:6      | HP: 5/105 [poisoned by an orc wizard]
  5065 | D:6      | HP: 2/70 [poisoned by an orc wizard]
  5630 | D:6      | Reached skill level 8 in Long Blades
  5935 | D:7      | Reached XP level 9. HP: 60/77 MP: 8/8
  6610 | D:7      | Reached skill level 9 in Long Blades
  7727 | D:7      | Found a staircase to the Ecumenical Temple.
  7833 | D:7      | Found a runed translucent door.
  7834 | D:7      | Noticed Crazy Yiuf
  8044 | D:7      | Killed Crazy Yiuf
  8045 | D:7      | Reached skill level 10 in Armour
  8472 | D:8      | Reached skill level 10 in Long Blades
  8655 | D:8      | Found a staircase to the Lair.
  8823 | D:8      | Reached XP level 10. HP: 87/88 MP: 9/9
  9357 | D:8      | Found Biett's Armour Shoppe.
 10142 | D:9      | Noticed Maggie
 10764 | D:9      | Reached skill level 11 in Long Blades
 10770 | D:9      | Reached skill level 1 in Crossbows
 11319 | D:10     | Entered Level 10 of the Dungeon
 11722 | D:10     | Noticed Erymatos's ghost (journeyman MiBe)
 11723 | D:10     | Found a runed translucent door.
 11771 | D:10     | You fall into a shaft and drop 3 floors!
 11771 | D:13     | Noticed a brown ugly thing
 11784 | D:13     | Killed a brown ugly thing
 11894 | D:13     | Noticed a manticore
 11944 | D:12     | Noticed a brown ugly thing
 12039 | D:12     | Reached XP level 11. HP: 11/97 MP: 10/10
 12060 | D:12     | Found a frozen archway.
 12224 | IceCv    | Entered an ice cave
 13013 | IceCv    | Reached skill level 12 in Long Blades
 13598 | IceCv    | Slain by a dire elephant simulacrum

Illustrated notes

Levels and vault maps discovered:
D:1:      minmay_arrival_five_plusses, layout_rooms
D:2:      layout_loops_ring, basic_altar, hellmonk_ecumenical_altar_blasted,
          uniq_natasha
D:3:      layout_rooms, serial_bayou_lagoon_b, uniq_terence, uniq_jessica,
          uniq_robin
D:4:      layout_loops_ring, portal_sewer_entry_f, gammafunk_ghost_mausoleum,
          uniq_grinder
D:5:      layout_gridville, serial_shops, nicolae_diamond_shop
D:6:      layout_basic
D:7:      layout_layer_cave, minmay_temple_entry_butterflies,
          minmay_misc_feat_ornament, uniq_crazy_yiuf_cottage
D:8:      layout_basic, grunt_lair_entry_orc_guard_hut, serial_shops,
          kennysheep_mini_moat
D:9:      layout_irregular_city, serial_column_ruins, column_ruins_open_tiny,
          column_ruins_grid_1, column_ruins_grid_1, minmay_fountain_box,
          centaur_isle, uniq_maggie
D:10:     layout_grid_maze, general_overflow_altar,
          hellmonk_ghost_happy_afterlife
D:12:     layout_big_octagon, orc_0_dummy, serial_co_window_serial,
          co_window_paths_b, co_window_of_opportunity_a, co_window_paths_a,
          co_window_corner_a, co_window_corner_a, co_window_paths_c,
          co_window_cross_2, co_window_of_opportunity_b, co_window_paths_d,
          co_window_4corner_b, glass_columns_c, glass_columns_a,
          glass_columns_c, glass_columns_a, glass_columns_b,
          portal_ice_cave_entry_imps, pond
D:13:     layout_long_grid, david_vaults_3, uniq_josephine
IceCv:    ice_cave_small_necro

Skill      XL: |  1  2  3  4  5  6  7  8  9 10 11 |
---------------+----------------------------------+-----
Armour         | 4 5 6 7 9 10 11 | 11.9
Shields        | 4 5 6 7 8 |  8.4
Fighting       | 4 5 6 8 9 |  9.6
Long Blades    | 3 4 5 7 8 10 11 12 | 12.2
Dodging        | 1 2 |  2.5
Crossbows      | 3 |  3.5
Stealth        | |  0.3

Action                   |  1- 3 |  4- 6 |  7- 9 | 10-12 || total
-------------------------+-------+-------+-------+-------++-------
Melee: Long sword        |    53 |    91 |       |       ||   144
       Headbutt          |     7 |    18 |    57 |    54 ||   136
       Falchion          |       |    40 |   350 |   268 ||   658
 Fire: Hand crossbow     |       |       |       |    32 ||    32
  Use: Scroll            |     6 |     1 |     7 |     3 ||    17
       Potion            |       |       |    10 |     3 ||    13
Armor: Scale mail        |    34 |    20 |       |       ||    54
       Plate armour      |       |    52 |   259 |   215 ||   526
Dodge: Dodged            |    34 |    50 |   125 |   121 ||   330
Block: Buckler           |    15 |    40 |   105 |    85 ||   245
